 Dungeon Crawl Stone Soup version 0.28-a0-1387-g3a22ab9bdc (webtiles) character file.

Game seed: 3109504394440193378

207 willcat the Shield-Bearer (level 5, 0/47 HPs)
             Began as a Gnoll Fighter on Jan 2, 2022.
             Slain by a water moccasin (4 damage)
             ... on level 3 of the Dungeon.
             The game lasted 00:01:38 (2188 turns).

willcat the Shield-Bearer (Gnoll Fighter)           Turns: 2188, Time: 00:01:39

Health: 0/47       AC:  7    Str: 16    XL:     5   Next: 85%
Magic:  7/7        EV: 10    Int:  9    God:
Gold:   79         SH:  5    Dex: 11    Spells: 7/7 levels left

rFire   . . .      SeeInvis .   a - +0 war axe
rCold   . . .      Faith    .   c - +0 buckler
rNeg    . . .      Spirit   .   b - +0 scale mail
rPois   .          Reflect  .   (no helmet)
rElec   .          Harm     .   (no cloak)
rCorr   .          Rampage  .   (no gloves)
Will    .....                   (no boots)
Stlth   ..........              (no amulet)
HPRegen 0.15/turn               (no ring)
MPRegen 0.10/turn               (no ring)

@: lethally poisoned (0 -> -25)
A: fangs 1, strong nose, distributed training
a: no special abilities


You were on level 3 of the Dungeon.
You visited 1 branch of the dungeon, and saw 3 of its levels.

You collected 79 gold pieces.

Inventory:

Hand Weapons
 a - a +0 war axe (weapon)
Armour
 b - a +0 scale mail (worn)
 c - a +0 buckler (worn)
 m - the +1 chain mail of the New World {Harm rElec Will+++ Str-4}
   (You found it on level 3 of the Dungeon)

   Str:       It affects your strength (-4).
   rElec:     It insulates you from electricity.
   Harm:      It increases damage dealt and taken.
   Will:      It greatly increases your willpower.
Scrolls
 e - a scroll of silence {unknown}
 i - a scroll of fear {unknown}
 l - 2 scrolls of identify {unknown}
Potions
 d - a potion of might
 f - 2 potions of curing
 h - a potion of invisibility {unknown}
 j - a potion of heal wounds {unknown}
 k - a potion of berserk rage {unknown}


   Skills:
 + Level 6.7 Fighting
 + Level 1.6 Short Blades
 + Level 1.6 Long Blades
 + Level 4.8 Axes
 + Level 1.6 Maces & Flails
 + Level 1.6 Polearms
 + Level 1.6 Staves
 + Level 1.6 Slings
 + Level 1.6 Bows
 + Level 1.6 Crossbows
 + Level 1.6 Throwing
 + Level 6.7 Armour
 + Level 1.6 Dodging
 + Level 1.6 Stealth
 + Level 6.7 Shields
 + Level 1.6 Unarmed Combat
 + Level 1.6 Spellcasting
 + Level 1.3 Conjurations
 + Level 1.3 Hexes
 + Level 1.3 Summonings
 + Level 1.3 Necromancy
 + Level 1.3 Translocations
 + Level 1.3 Transmutations
 + Level 1.3 Fire Magic
 + Level 1.3 Ice Magic
 + Level 1.3 Air Magic
 + Level 1.3 Earth Magic
 + Level 1.3 Poison Magic
 + Level 1.9 Invocations
 + Level 1.6 Evocations


You had 7 spell levels left.
You didn't know any spells.
Your spell library contained the following spells:

 Spells                   Type           Power      Damage    Failure   Level
 Sting                    Tmut/Pois      12%        1d3       54%         1
 Poisonous Vapours        Pois/Air       6%         N/A       67%         2
 Olgreb's Toxic Radiance  Pois           3%         N/A       99%         4


Dungeon Overview and Level Annotations

Branches:
Dungeon (3/15)

Altars:


Innate Abilities, Weirdness & Mutations

You have very sharp teeth.
Your uncanny sense of smell can sniff out nearby items.
Your experience applies equally to all skills.


Message History

Unknown command.
Okay, then.
It was a potion of curing.
You feel better.
The jackal barks!
The water moccasin bites you.
The water moccasin bites you but does no damage.
Unknown command.
You hit the water moccasin.
The water moccasin is severely wounded.
The water moccasin bites you. The water moccasin closely misses you.
Unknown command.
You closely miss the water moccasin. You bite the water moccasin.
The water moccasin is severely wounded.
The water moccasin barely misses you.
Unknown command.
You hit the water moccasin. Your bite misses the water moccasin.
The water moccasin is almost dead.
You block the water moccasin's attack. The water moccasin bites you.
Unknown command.
You closely miss the water moccasin.
The water moccasin is almost dead.
You block the water moccasin's attack. The water moccasin bites you.
You are lethally poisoned!
The water moccasin poisons you!
Unknown command.
You barely miss the water moccasin.
The water moccasin is almost dead.
* * * LOW HITPOINT WARNING * * *
You feel very sick.
The water moccasin bites you but does no damage.
The water moccasin bites you.
* * * LOW HITPOINT WARNING * * *
You are more poisoned.
The water moccasin poisons you!
You closely miss the water moccasin.
The water moccasin is almost dead.
* * * LOW HITPOINT WARNING * * *
You feel extremely sick. The water moccasin bites you.
You die...

######........# ##
#######...†.Z#.......#
.###.......######.......#
....Z####### #.........
...######### ##.....####
...#..<....# ##...##
h..#..÷....##### #.....
...............####Z....
...#.......###..@Swh....
...#.......# ######...).
...#.......# ...
..########## # .## # ∆


You could see a water moccasin, a dart slug, a water moccasin zombie and a
jackal.

Vanquished Creatures
  Sigmund (D:2)
  3 adders
  6 endoplasms
  4 giant cockroaches
  5 goblins
  6 hobgoblins
  4 jackals
  4 quokkas
  2 ball pythons (D:1)
  3 bats (D:2)
  3 frilled lizards
  3 rats (D:1)
44 creatures vanquished.

Notes
Turn   | Place    | Note
-------+----------+-------------------------------------------
     0 | D:1      | willcat the Gnoll Fighter began the quest for the Orb.
     0 | D:1      | Reached XP level 1. HP: 23/23 MP: 1/1
   201 | D:1      | Reached XP level 2. HP: 29/29 MP: 2/2
   318 | D:1      | Found a faded altar of an unknown god.
   894 | D:1      | Reached XP level 3. HP: 35/35 MP: 3/3
   899 | D:2      | Noticed Sigmund
  1145 | D:2      | Reached skill level 1 in Invocations
  1413 | D:3      | Identified the +1 chain mail of the New World {Harm rElec
                  | Will+++ Str-4}
  1421 | D:2      | Reached skill level 1 in Short Blades
  1421 | D:2      | Reached skill level 1 in Long Blades
  1421 | D:2      | Reached skill level 1 in Maces & Flails
  1421 | D:2      | Reached skill level 1 in Polearms
  1421 | D:2      | Reached skill level 1 in Staves
  1421 | D:2      | Reached skill level 1 in Slings
  1421 | D:2      | Reached skill level 1 in Bows
  1421 | D:2      | Reached skill level 1 in Crossbows
  1421 | D:2      | Reached skill level 1 in Throwing
  1421 | D:2      | Reached skill level 1 in Dodging
  1421 | D:2      | Reached skill level 1 in Stealth
  1421 | D:2      | Reached skill level 1 in Unarmed Combat
  1421 | D:2      | Reached skill level 1 in Spellcasting
  1421 | D:2      | Reached skill level 1 in Evocations
  1776 | D:2      | Killed Sigmund
  1777 | D:2      | Reached skill level 1 in Conjurations
  1777 | D:2      | Reached skill level 1 in Hexes
  1777 | D:2      | Reached skill level 1 in Summonings
  1777 | D:2      | Reached skill level 1 in Necromancy
  1777 | D:2      | Reached skill level 1 in Translocations
  1777 | D:2      | Reached skill level 1 in Transmutations
  1777 | D:2      | Reached skill level 1 in Fire Magic
  1777 | D:2      | Reached skill level 1 in Ice Magic
  1777 | D:2      | Reached skill level 1 in Air Magic
  1777 | D:2      | Reached skill level 1 in Earth Magic
  1777 | D:2      | Reached skill level 1 in Poison Magic
  1777 | D:2      | Reached XP level 4. HP: 35/41 MP: 4/6
  1777 | D:2      | Reached XP level 5. HP: 40/47 MP: 4/7
  2175 | D:3      | Noticed a water moccasin
  2188 | D:3      | Slain by a water moccasin

Illustrated notes

Levels and vault maps discovered:
D:1:      evilmike_arrival_plus, layout_basic,
          dreamdust_ecumenical_altar_angels_and_demons, minmay_misc_feat_iff
D:2:      layout_rooms, uniq_sigmund
D:3:      layout_rooms, lemuel_round_altar, elyvilon_altar_3, zin_angel,
          trog_book, minmay_goblin_outpost

Skill      XL: |  1  2  3 |
---------------+----------+-----
Invocations    | 1 |  1.9
Short Blades   | 1 |  1.6
Long Blades    | 1 |  1.6
Maces & Flails | 1 |  1.6
Polearms       | 1 |  1.6
Staves         | 1 |  1.6
Slings         | 1 |  1.6
Bows           | 1 |  1.6
Crossbows      | 1 |  1.6
Throwing       | 1 |  1.6
Dodging        | 1 |  1.6
Stealth        | 1 |  1.6
Unarmed Combat | 1 |  1.6
Spellcasting   | 1 |  1.6
Evocations     | 1 |  1.6
Conjurations   | 1 |  1.3
Hexes          | 1 |  1.3
Summonings     | 1 |  1.3
Necromancy     | 1 |  1.3
Translocations | 1 |  1.3
Transmutations | 1 |  1.3
Fire Magic     | 1 |  1.3
Ice Magic      | 1 |  1.3
Air Magic      | 1 |  1.3
Earth Magic    | 1 |  1.3
Poison Magic   | 1 |  1.3
Fighting       | |  6.7
Axes           | |  4.8
Armour         | |  6.7
Shields        | |  6.7

Action                   |  1- 3 |  4- 6 || total
-------------------------+-------+-------++-------
Melee: War axe           |   110 |    28 ||   138
       Bite              |     8 |     2 ||    10
  Use: Scroll            |     2 |       ||     2
       Potion            |       |     1 ||     1
Armor: Scale mail        |    49 |     5 ||    54
       Chain mail        |     3 |    16 ||    19
Dodge: Dodged            |    61 |     7 ||    68
Block: Buckler           |    30 |     9 ||    39

Table legend: (Time is in decaauts)
 A = Elapsed time spent in this place.
 B = Non-inter-level travel time spent in this place.
 C = Inter-level travel time spent in this place.
 D = Time resting spent in this place.
 E = Time spent auto-exploring this place.
 F = Levels seen in this place.
 G = Mean time per level.
                   A        B        C        D        E       F      G
               +--------+--------+--------+--------+--------+-----+--------+
         Total |   2226 |   2172 |     54 |    483 |   1321 |   3 |  742.0 |
       Dungeon |   2226 |   2172 |     54 |    483 |   1321 |   3 |  742.0 |
               +--------+--------+--------+--------+--------+-----+--------+

Top non-repeatable levels by time:
     D:2: 1080 daAuts
     D:1: 1077 daAuts
     D:3: 68 daAuts
